 Dungeon Crawl Stone Soup version 0.30-a0-329-g85436e0a43 (webtiles) character file.

Game seed: 11088232457383806694

86 purpskrrrp the Sneak (level 4, -1/30 HPs)
             Began as an Octopode Brigand on Oct 28, 2022.
             Slain by a gnoll
             ... wielding a +0 flail
              (12 damage)
             ... on level 3 of the Dungeon.
             The game lasted 00:02:38 (1709 turns).

purpskrrrp the Sneak (Octopode Brigand)             Turns: 1709, Time: 00:02:39

Health: -1/30      AC:  1    Str: 10    XL:     4   Next: 50%
Magic:  4/4        EV: 13    Int: 13    God:
Gold:   62         SH:  0    Dex: 21    Spells: 3/3 levels left

rFire   x . .      SeeInvis .    a - +2 dagger
rCold   + . .      Faith    .    (no shield)
rNeg    . . .      Spirit   .    (helmet restricted)
rPois   .          Reflect  .    (no amulet)
rElec   .          Harm     .    h - +6 ring of dexterity
rCorr   .          Rampage  .    d - ring of ice
Will    .....                    (no ring)
Stlth   +++++.....               (no ring)
HPRegen 0.25/turn                (no ring)
MPRegen 0.09/turn                (no ring)
                                 (no ring)
                                 (no ring)

@: no status effects
A: almost no armour, amphibious, 8 rings, camouflage 1, gelatinous body 1,
(nimble swimmer 1), tentacles
a: no special abilities


You were on level 3 of the Dungeon.
You visited 1 branch of the dungeon, and saw 3 of its levels.

You collected 62 gold pieces.

Inventory:

Hand Weapons
 a - a +2 dagger (weapon)
Missiles
 b - 9 poisoned darts
 c - 3 curare-tipped darts
Jewellery
 d - a ring of ice (right tentacle)
 h - a +6 ring of dexterity (left tentacle)
Scrolls
 k - a scroll of identify
Potions
 g - 2 potions of cancellation
 i - a potion of attraction {unknown}
 j - 2 potions of heal wounds {unknown}
 l - a potion of curing {unknown}


   Skills:
 + Level 2.5 Fighting
 * Level 3.1 Short Blades
 - Level 2.0 Throwing
 + Level 1.8 Dodging
 * Level 6.3 Stealth


You had 3 spell levels left.
You didn't know any spells.
Your spell library contained the following spells:

 Spells                   Type           Power      Damage    Failure   Level
 Scorch                   Fire           0%         2d5       43%         2
 Flame Wave               Conj/Fire      0%         2d4       97%         4
 Summon Cactus Giant      Summ           0%         N/A       100%        6


Dungeon Overview and Level Annotations

Branches:
Dungeon (3/15)

Altars:
Yredelemnul


Innate Abilities, Weirdness & Mutations

You cannot wear most types of armour.
You are amphibious.
You can wear up to eight rings at the same time.
Your skin changes colour to match your surroundings (Stealth+).
Your rubbery body absorbs attacks. (AC +1, EV +1)
((You are camouflaged when in or above water. (Stealth+)))
You have tentacles for arms and can constrict up to eight enemies at once.


Message History

You are no longer poisoned.
You start resting.
HP restored.
There is a stone staircase leading down here.
You climb downwards.
There is a stone staircase leading up here.
The gnoll shouts! x3
The gnoll misses you.
You barely miss the gnoll. You grab the gnoll. You constrict the gnoll.
The gnoll completely misses you. The gnoll barely misses you.
An ice beast comes into view.
You completely miss the gnoll.
The gnoll is lightly wounded.
You constrict the gnoll, but do no damage.
The gnoll hits you from afar with a +0 spear.
The gnoll barely misses you.
You hit the gnoll.
The gnoll is moderately wounded.
You constrict the gnoll.
The gnoll hits you from afar with a +0 spear.
The gnoll closely misses you.
You hit the gnoll.
The gnoll is severely wounded.
You constrict the gnoll. You hit the gnoll but do no damage.
The gnoll is severely wounded.
You constrict the gnoll.
The gnoll hits you from afar with a +0 spear.
The gnoll hits you with a +0 club.
You hit the gnoll.
You kill the gnoll!
The gnoll hits you from afar with a +0 spear.
You hit the gnoll but do no damage. You grab the gnoll. You squeeze the gnoll!
The gnoll is severely wounded.
You constrict the gnoll, but do no damage.
The gnoll hits you from afar with a +0 spear.
The gnoll closely misses you.
You release your grip on the gnoll.
The gnoll attacks as you move away! The gnoll hits you with a +0 flail!
You die...

## ###...
....#. ###
.....)
.....#####
#...<.#
#####@#
#g# #Y#
#g. ##g.
#.# .# .#
#


You could see an ice beast and 3 gnolls.

Vanquished Creatures
  An orc priest (D:3)
  A gnoll (D:3)
  2 adders (D:2)
  An orc (D:3)
  2 bats (D:1)
  3 endoplasms
  A giant cockroach (D:1)
  A goblin (D:2)
  3 hobgoblins
  3 jackals (D:2)
  2 quokkas (D:2)
  4 ball pythons (D:2)
  A kobold (D:1)
  2 rats
27 creatures vanquished.

Notes
Turn   | Place    | Note
-------+----------+-------------------------------------------
     0 | D:1      | purpskrrrp the Octopode Brigand began the quest for the
                  | Orb.
     0 | D:1      | Reached XP level 1. HP: 14/14 MP: 1/1
   280 | D:1      | Reached XP level 2. HP: 16/19 MP: 2/2
  1162 | D:2      | Found a basalt altar of Yredelemnul.
  1249 | D:2      | Reached XP level 3. HP: 12/24 MP: 3/3
  1564 | D:3      | Reached skill level 6 in Stealth
  1564 | D:3      | Reached XP level 4. HP: 30/30 MP: 4/4
  1701 | D:3      | Noticed an ice beast
  1709 | D:3      | Slain by a gnoll

Illustrated notes

Levels and vault maps discovered:
D:1:      evilmike_arrival_rings, layout_rooms
D:2:      layout_basic, basic_altar, minmay_fractal_squares_gapless_5
D:3:      layout_rooms

Skill      XL: |  1  2  3  4 |
---------------+-------------+-----
Stealth        | 6 |  6.3
Short Blades   | 3 |  3.1
Fighting       | |  2.5
Throwing       | |  2.0
Dodging        | |  1.8

Action                   |  1- 3 |  4- 6 || total
-------------------------+-------+-------++-------
Melee: Dagger            |    40 |    11 ||    51
       Tentacles         |     9 |     2 ||    11
       Constrict         |     8 |     3 ||    11
       Punch             |     1 |       ||     1
  Use: Scroll            |     6 |       ||     6
 Stab: Sleeping          |     9 |     1 ||    10
Armor: Skin              |     3 |       ||     3
Dodge: Dodged            |    21 |     7 ||    28

Table legend: (Time is in decaauts)
 A = Elapsed time spent in this place.
 B = Non-inter-level travel time spent in this place.
 C = Inter-level travel time spent in this place.
 D = Time resting spent in this place.
 E = Time spent auto-exploring this place.
 F = Levels seen in this place.
 G = Mean time per level.
                   A        B        C        D        E       F      G
               +--------+--------+--------+--------+--------+-----+--------+
         Total |   1701 |   1626 |     75 |    320 |   1123 |   3 |  567.0 |
       Dungeon |   1701 |   1626 |     75 |    320 |   1123 |   3 |  567.0 |
               +--------+--------+--------+--------+--------+-----+--------+

Top non-repeatable levels by time:
     D:2: 985 daAuts
     D:1: 698 daAuts
     D:3: 17 daAuts
